 Dungeon Crawl Stone Soup version 0.30.0-29-ga12c61a403 (webtiles) character file.

Game seed: 3209208022086581299

456 rddays123 the Shooter (level 7, -6/54 HPs)
             Began as a Formicid Hunter on June 9, 2023.
             Killed by divine providence
             ... invoked by an orc priest
              (11 damage)
             ... on level 3 of the Dungeon.
             The game lasted 00:10:03 (3376 turns).

rddays123 the Shooter (Formicid Hunter)             Turns: 3376, Time: 00:10:04

Health: -6/54      AC:  8    Str: 21    XL:     7   Next: 27%
Magic:  7/7        EV: 12    Int:  9    God:
Gold:   147        SH:  0    Dex: 19    Spells: 6/6 levels left

rFire   . . .        a - +0 shortbow
rCold   . . .        (no shield)
rNeg    . . .        c - +0 leather armour
rPois   .            (helmet unavailable)
rElec   .            p - +0 cloak
rCorr   .            l - +0 pair of gloves
SInv    +            r - +2 pair of boots {Fly}
Will    .....        (no amulet)
Stlth   ++           g - +6 ring of strength
HPRegen 0.29/turn    e - ring of wizardry
MPRegen 0.10/turn

%: wizardry (x1)
@: flying
A: permanent stasis, dig shafts and tunnels, antennae 3, four strong arms
a: Dig, Shaft Self


You were on level 3 of the Dungeon.
You visited 1 branch of the dungeon, and saw 4 of its levels.

You collected 147 gold pieces.

Inventory:

Hand Weapons
 a - a +0 shortbow (weapon)
 f - a +0 whip
Missiles
 h - 11 boomerangs
Armour
 c - a +0 leather armour (worn)
 i - a +0 ring mail
 l - a +0 pair of gloves (worn)
 p - a +0 cloak (worn)
 r - a +2 pair of boots of flying (worn)
Jewellery
 e - a ring of wizardry (right hand)
 g - a +6 ring of strength (left hand)
Scrolls
 b - a scroll of immolation
 j - 3 scrolls of identify {unknown}
 m - 3 scrolls of noise {unknown}
 n - a scroll of amnesia {unknown}
 o - a scroll of fog {unknown}
 q - a scroll of enchant armour {unknown}
Potions
 d - 5 potions of curing {unknown}
 k - a potion of attraction {unknown}
 s - a potion of brilliance {unknown}


   Skills:
 + Level 4.0 Fighting
 + Level 7.2 Ranged Weapons
 - Level 1.3 Armour
 - Level 2.1 Dodging
 - Level 1.4 Stealth


You had 6 spell levels left.
You didn't know any spells.
Your spell library was empty.

Dungeon Overview and Level Annotations

Branches:
Dungeon (4/15)
 Temple: D:4-7

Altars:

Shops:
D:2 :


Innate Abilities, Weirdness & Mutations

You cannot be hasted, slowed, berserked, paralysed or teleported.
You can dig through walls and to a lower floor.
You have a pair of large antennae on your head. (SInv)
Your four strong arms can wield two-handed weapons with a shield.


Message History

The orc priest looks braver for a moment.
The orc priest closely misses you.
You shoot an arrow.
The arrow completely misses the orc priest.
The orc priest barely misses you.
The orc priest invokes the aid of Beogh against you.
You struggle to resist.
The orc priest looks satisfied for a moment.
You shoot an arrow. The arrow hits the orc priest.
You kill the orc priest!
The orc priest hits you but does no damage.
Your Fighting skill increases to level 4!
You shoot an arrow.
The arrow closely misses the orc priest.
The arrow hits the orc priest!
The orc priest is almost dead.
The orc priest barely misses you.
The orc priest mumbles some strange prayers to Beogh against you.
Beogh smites you!
* * * LOW HITPOINT WARNING * * *
You fly upwards.
There is a stone staircase leading down, spattered with blood here.
You are too injured to fight recklessly!
You are too injured to fight recklessly!
You are too injured to fight recklessly!
You shoot an arrow. The arrow barely misses the orc priest.
The orc priest hits you but does no damage.
You shoot an arrow.
The arrow hits the orc priest but does no damage.
The orc priest hits you but does no damage. x2
You shoot an arrow.
The arrow closely misses the orc priest.
The orc priest mumbles some strange prayers to Beogh against you.
Beogh smites you!
* * * LOW HITPOINT WARNING * * *
You shoot an arrow.
The arrow closely misses the orc priest.
The orc priest mumbles some strange prayers to Beogh against you.
Beogh smites you!
You die...

#...### #.....#
#.....# #.....# #####
#.....### #...#
##....... #...#
##......
##o..#######......
#@...+.....#......
##...#####.#......
#...#####........
####.....####......
####....###...##..####
#........####..##.#
#........# ###.##.####
#........# #..........
#........# #.......###


You could see an orc priest.

Vanquished Creatures
  An orc warrior (D:4)
  A phantom (D:3)
  An orc priest (D:4)
  A hound (D:3)
  2 orc wizards (D:4)
  An iguana (D:4)
  A gnoll (D:1)
  5 adders
  2 worms
  3 dart slugs
  9 orcs
  7 bats
  6 endoplasms
  9 giant cockroaches
  5 goblins
  9 hobgoblins
  4 jackals (D:1)
  3 kobolds
  4 quokkas
  4 ball pythons
  2 frilled lizards (D:1)
  7 rats
87 creatures vanquished.

Notes
Turn   | Place    | Note
-------+----------+-------------------------------------------
     0 | D:1      | rddays123 the Formicid Hunter began the quest for the Orb.
     0 | D:1      | Reached XP level 1. HP: 16/16 MP: 1/1
    84 | D:1      | Reached XP level 2. HP: 17/22 MP: 2/2
   472 | D:1      | Reached XP level 3. HP: 27/28 MP: 3/3
   807 | D:1      | Reached skill level 5 in Ranged Weapons
  1084 | D:1      | Reached XP level 4. HP: 34/34 MP: 4/4
  1273 | D:2      | Reached skill level 1 in Armour
  1407 | D:2      | Found Ebeoluch's Book Emporium.
  2171 | D:3      | Reached XP level 5. HP: 23/39 MP: 5/5
  2766 | D:4      | Reached skill level 6 in Ranged Weapons
  2807 | D:4      | Noticed a phantom
  2812 | D:4      | Reached XP level 6. HP: 37/46 MP: 6/6
  3146 | D:4      | Noticed an orc warrior
  3187 | D:4      | Killed an orc warrior
  3188 | D:4      | Reached skill level 7 in Ranged Weapons
  3188 | D:4      | Reached XP level 7. HP: 7/53 MP: 7/7
  3376 | D:3      | Killed from afar by an orc priest

Illustrated notes

Levels and vault maps discovered:
D:1:      eino_arrival_cavern_b, layout_basic, corexii_corridor_pit,
          hangedman_decor_points, minmay_worlds_worst_comb
D:2:      layout_basic, serial_shops, nicolae_shop_competitors_out_of_business
D:3:      layout_basic, minivault_5
D:4:      layout_loops_cross

Skill      XL: |  1  2  3  4  5  6  7 |
---------------+----------------------+-----
Ranged Weapons | 5 6 7 |  7.2
Armour         | 1 |  1.3
Dodging        | 2 |  2.1
Fighting       | 3 4 |  4.0
Stealth        | |  1.4

Action                     |  1- 3 |  4- 6 |  7- 9 || total
---------------------------+-------+-------+-------++-------
  Melee: Shortbow          |       |     2 |       ||     2
   Fire: Shortbow          |    88 |   172 |    19 ||   279
Ability: Dig               |     2 |       |       ||     2
 Armour: Leather armour    |    27 |    50 |     6 ||    83
  Dodge: Dodged            |    55 |    61 |     9 ||   125
